 Dungeon Crawl Stone Soup version 0.27-a0-249-g74f53ef629 (webtiles) character file.

Game seed: 18165983871156319640

1517 Stevanos the Destroyer (level 8, -2/41 HPs)
             Began as a Deep Elf Conjurer on Feb 3, 2021.
             Slain by Sigmund
             ... wielding a +4 scythe of flaming
              (6 damage)
             ... on level 6 of the Dungeon.
             The game lasted 00:16:49 (6226 turns).

Stevanos the Destroyer (Deep Elf Conjurer)          Turns: 6226, Time: 00:16:49

Health: -2/41      AC:  4    Str:  2    XL:     8   Next: 54%
Magic:  12/22      EV: 13    Int: 26    God:
Gold:   296        SH:  0    Dex: 13    Spells: 16/23 levels left

rFire    . . .     SeeInvis .   o - +2 whip (venom)
rCold    . . .     Faith    .   (no shield)
rNeg     . . .     Spirit   .   a - +0 robe
rPois    .         Reflect  .   (helmet restricted)
rElec    .         Harm     .   e - +1 cloak
rCorr    .         Rampage  .   (no gloves)
Will     .....                  (no boots)
Stlth    +.........             k - amulet of magic regeneration
HPRegen  0.13/turn              (no ring)
MPRegen  0.43/turn              (no ring)

@: confused
A: horns 1, blurry vision 1, weak 1, MP-powered wands
a: no special abilities


You were on level 6 of the Dungeon.
You visited 1 branch of the dungeon, and saw 6 of its levels.

You collected 296 gold pieces.

Inventory:

Hand Weapons
 o - a +2 whip of venom (weapon)
Armour
 a - a +0 robe (worn)
 e - a +1 cloak (worn)
 t - a +0 robe of cold resistance
Jewellery
 k - an amulet of magic regeneration (around neck)
Wands
 i - a wand of iceblast (20)
 s - a wand of paralysis (7)
Scrolls
 b - 3 scrolls of blinking
 c - 2 scrolls of magic mapping
 d - 2 scrolls of remove curse
 f - a scroll of amnesia
 j - 9 scrolls of identify
 m - a scroll of teleportation
 p - a scroll of fog {unknown}
Potions
 g - 4 potions of curing
 h - a potion of brilliance
 l - a potion of lignification {unknown}
 n - a potion of heal wounds
 q - a potion of invisibility {unknown}
 r - 3 potions of cancellation {unknown}


   Skills:
 - Level 2.4 Dodging
 - Level 2.4 Stealth
 + Level 8.2 Spellcasting
 * Level 10.6 Conjurations
 + Level 0.1 Translocations


You had 16 spell levels left.
You knew the following spells:

 Your Spells              Type           Power        Failure   Level
a - Magic Dart            Conj           100%         1%          1
b - Searing Ray           Conj           100%         1%          2
c - Iskenderun's Mystic   Conj/Tloc      38%          6%          4

Your spell library contained the following spells:

 Spells                   Type           Power        Failure   Level
 Dazzling Flash           Conj/Hex       76%          1%          3
 Fulminant Prism          Conj/Hex       19%          6%          4


Dungeon Overview and Level Annotations

Branches:
Dungeon (6/15)
 Temple: D:4-7

Altars:
Cheibriados
Dithmenos
Trog
The Shining One

Shops:
D:5 *=}

Annotations:
D:6 Sigmund


Innate Abilities, Weirdness & Mutations

You have a pair of small horns on your head.
Scrolls take you a little longer to read.
You are weak. (Str -2)
You expend magic power (3 MP) to strengthen your wands.


Message History

Casting: Searing Ray (safe; 1% risk of failure)
Confirm with . or Enter, or press ? or * to list all spells.
The spell is quite dangerous to cast (7% risk of failure)!
Continue anyway?
You erupt in a blast of force!
The mystic blast hits Edmund!
You kill Edmund!
Sigmund gestures at you while chanting.
You easily resist.
Things that are here:
a +1 vorpal dire flail; a +2 scale mail of fire resistance Sigmund points at you and mumbles some strange words.
The puff of flame hits you!
Sigmund whispers, "You'll know eternity soon."
Sigmund gestures at you while chanting.
You are confused.
Sigmund hits you from afar with a +4 scythe of flaming.
Sigmund burns you.
Sigmund hits you from afar with a +4 scythe of flaming!
* * * LOW HITPOINT WARNING * * *
Sigmund burns you.
You die...

.. #...###.#.##.#
#......... #.
#............#
#.######## #.#
#..########..# #.# ..
#..# ...#[#.## #.#
#.##..# ....#.# #.#
#..#..# #...#.####.#
#.#..# #...#......#
#....####...#.######
##...#≈≈#.@.#...<#
#...#..#......###
###...#..#@.....#####.#
#...>.#......#.........
#.....#..##.)#.######.#
#.....#..#[..#.######.#
#.....##.##..#........#
#.....#...##.#.########
#.....#......#.#


You could see Sigmund.

Vanquished Creatures
  Edmund (D:6)
  3 ogres
  A bullfrog (D:6)
  2 scorpions
  A howler monkey (D:6)
  5 wights (D:6)
  A centaur zombie (D:5)
  A bullfrog zombie (D:5)
  A hound (D:4)
  2 bullfrog skeletons
  2 orc priests
  Natasha (thrice) (D:2)
  6 orc wizards
  3 worker ants
  A killer bee zombie (D:6)
  6 adders
  2 white imps (D:5)
  2 oozes (D:5)
  2 dart slugs
  8 leopard geckos
  21 orcs
  3 ball pythons
  4 giant cockroaches
  7 goblins
  7 hobgoblins
  11 jackals
  4 kobolds (D:1)
  4 quokkas
  5 bats
  7 frilled lizards
  A jackal skeleton (D:4)
  A leopard gecko skeleton (D:4)
  11 rats
139 creatures vanquished.

Vanquished Creatures (others)
  An orc (D:3)
1 creature vanquished.

Grand Total: 140 creatures vanquished

Notes
Turn   | Place    | Note
-------+----------+-------------------------------------------
     0 | D:1      | Stevanos the Deep Elf Conjurer began the quest for the Orb.
     0 | D:1      | Reached XP level 1. HP: 10/10 MP: 6/6
   174 | D:1      | Reached XP level 2. HP: 15/15 MP: 0/8
   177 | D:1      | Learned a level 2 spell: Searing Ray
   305 | D:1      | Reached skill level 5 in Conjurations
   967 | D:2      | Found a glowing golden altar of the Shining One.
   976 | D:2      | Reached XP level 3. HP: 19/19 MP: 7/9
  1066 | D:2      | Noticed Natasha
  1071 | D:2      | Killed Natasha
  1118 | D:2      | Noticed Natasha
  1121 | D:2      | Killed Natasha
  1122 | D:2      | Reached skill level 6 in Conjurations
  1122 | D:2      | Reached XP level 4. HP: 18/24 MP: 6/11
  1234 | D:2      | Noticed Natasha
  1239 | D:2      | Killed Natasha
  1362 | D:2      | Found a bloodstained altar of Trog.
  1990 | D:2      | Reached XP level 5. HP: 28/28 MP: 9/12
  2587 | D:3      | Reached skill level 7 in Conjurations
  3111 | D:3      | Reached XP level 6. HP: 32/32 MP: 3/14
  3588 | D:3      | Found a bloodstained altar of Trog.
  3713 | D:4      | Reached skill level 8 in Conjurations
  3838 | D:4      | Gained mutation: You are weak. (Str -2) [potion of
                  | mutation]
  3838 | D:4      | Gained mutation: Scrolls take you a little longer to read.
                  | [potion of mutation]
  3838 | D:4      | Gained mutation: You expend magic power (3 MP) to
                  | strengthen your wands. [potion of mutation]
  3838 | D:4      | Gained mutation: You have a pair of small horns on your
                  | head. [potion of mutation]
  3890 | D:4      | Reached skill level 5 in Spellcasting
  4085 | D:4      | Found a shadowy altar of Dithmenos.
  4430 | D:4      | Reached XP level 7. HP: 36/36 MP: 11/17
  4588 | D:4      | Found a snail-covered altar of Cheibriados.
  4976 | D:5      | Entered Level 5 of the Dungeon
  5010 | D:5      | Reached skill level 9 in Conjurations
  5348 | D:5      | Found Diruin's Gadget Shop.
  5465 | D:5      | Found Cenoowoo's General Store.
  5601 | D:5      | Found Mienk's Jewellery Emporium.
  5737 | D:5      | Reached XP level 8. HP: 41/41 MP: 16/20
  5806 | D:5      | Learned a level 4 spell: Iskenderun's Mystic Blast
  5885 | D:6      | Reached skill level 10 in Conjurations
  6187 | D:6      | Noticed Edmund
  6199 | D:6      | Noticed Sigmund
  6204 | D:6      | Killed Edmund
  6226 | D:6      | Slain by Sigmund

Illustrated notes

Levels and vault maps discovered:
D:1:      mushboom_english_gardens, layout_loops_ring, minmay_ruptured
D:2:      layout_basic, bloody_trog, lemuel_doored_altar, uniq_natasha
D:3:      layout_basic, trog_butcher_becter
D:4:      layout_cave_pods, nicolae_dithmenos_shadow_blocks, cheibriados_altar_1
D:5:      layout_cave_pools, serial_shops, nicolae_shop_behind_doors,
          kennysheep_mini, nicolae_shop_statue_plus, minmay_crossroads
D:6:      layout_basic, fedhas_altar_4, fiery_altar_vehumet,
          minmay_temple_entry_proselytizer, serial_shops, shop,
          sigmund_edmund_badplayer

Skill      XL: |  1  2  3  4  5  6  7  8 |
---------------+-------------------------+-----
Conjurations   | 5 6 7 8 9 10 | 10.6
Spellcasting   | 4 5 7 8 |  8.2
Dodging        | |  2.4
Stealth        | |  2.4
Translocations | |  0.1

Action                   |  1- 3 |  4- 6 |  7- 9 || total
-------------------------+-------+-------+-------++-------
Melee: Morningstar       |       |     1 |       ||     1
 Cast: Magic Dart        |    39 |    94 |    94 ||   227
       Searing Ray       |     3 |    20 |    24 ||    47
       Iskenderun's Myst |       |       |     3 ||     3
  Use: Scroll            |     6 |     5 |       ||    11
       Potion            |       |     6 |       ||     6
Armor: Robe              |     1 |     1 |     3 ||     5
Dodge: Dodged            |     4 |    20 |    13 ||    37

Table legend: (Time is in decaauts)
 A = Elapsed time spent in this place.
 B = Non-inter-level travel time spent in this place.
 C = Inter-level travel time spent in this place.
 D = Time resting spent in this place.
 E = Time spent auto-exploring this place.
 F = Levels seen in this place.
 G = Mean time per level.
                   A        B        C        D        E       F      G
               +--------+--------+--------+--------+--------+-----+--------+
         Total |   6214 |   6104 |    110 |      0 |   5379 |   6 | 1035.7 |
       Dungeon |   6214 |   6104 |    110 |      0 |   5379 |   6 | 1035.7 |
               +--------+--------+--------+--------+--------+-----+--------+

Top non-repeatable levels by time:
     D:3: 1417 daAuts
     D:2: 1351 daAuts
     D:4: 1254 daAuts
     D:1: 942 daAuts
     D:5: 839 daAuts
     D:6: 409 daAuts
